[ AOE2 MATCH · #506889444 ]
UnrankedTupi vs Vietnamese
Player's team · LOSS
Rival team · WIN
[ REPLAY ANALYSIS · EXTRACTED FROM THE RECORDED GAME ]
Feudal
11:21
Castle
20:49
Imperial
35:05
| APM avg | 54.5 |
| APM peak | 94 |
| eAPM avg | 26.6 |
| Villagers / military | 91 / 56 |
Focus
⚔️ 42.4% · 🌾 57.6%
Unknown (2550) ×31 · Skirmisher ×29 · Archer ×15 · Mangonel ×5 · Battering Ram ×5 · Monk ×2
Feudal
10:28
Castle
20:37
Imperial
34:40
| APM avg | 83.8 |
| APM peak | 154 |
| eAPM avg | 39.2 |
| Villagers / military | 160 / 75 |
Focus
⚔️ 45.6% · 🌾 54.4%
Cavalry Archer ×32 · Fire Lancer ×20 · Archer ×8 · Monk ×4 · Mangonel ×4 · Scout Cavalry ×3
Match map
Initial resources + every placement click. Lines = walls · curves = elevation contours. ◆ gold · ⬟ stone · ● berries · ✦ relic · ◌ wall gap
Your base· Open — opponent sealed themselves in
我本善良's base· ✓ Closed at 20:37 · 40t walls · no gate
Smoothed initial terrain · ◌ = detected wall gap · hover for details
Inputs per minute
— Lina - - 我本善良
Build order — Lina
First 150 of 324 actions detected
| 0:00 | Create | Villager (Male) |
| 0:01 | Create | Villager (Male) |
| 0:02 | Build | House |
| 0:04 | Build | House |
| 0:07 | Build | Barracks |
| 0:11 | Create | Villager (Male) |
| 0:22 | Create | Villager (Male) |
| 1:16 | Create | Villager (Male) |
| 1:16 | Create | Villager (Male) |
| 1:24 | Build | House |
| 1:41 | Create | Villager (Male) |
| 2:18 | Create | Unit 2550 |
| 2:31 | Research | Loom |
| 2:35 | Create | Unit 2550 |
| 2:37 | Build | House |
| 2:50 | Create | Villager (Male) |
| 3:19 | Create | Villager (Male) |
| 3:29 | Create | Villager (Male) |
| 3:55 | Create | Villager (Male) |
| 4:13 | Create | Villager (Male) |
| 4:45 | Create | Villager (Male) |
| 4:48 | Build | Settlement |
| 4:58 | Create | Villager (Male) |
| 5:50 | Create | Villager (Male) |
| 6:01 | Create | Villager (Male) |
| 6:27 | Create | Villager (Male) |
| 6:50 | Build | Settlement |
| 7:00 | Create | Villager (Male) |
| 7:28 | Create | Villager (Male) |
| 7:52 | Create | Villager (Male) |
| 7:54 | Build | Farm |
| 8:15 | Create | Villager (Male) |
| 8:46 | Create | Villager (Male) |
| 9:10 | Research | Feudal Age |
| 9:23 | Create | Unit 2550 |
| 9:43 | Build | House |
| 9:49 | Build | Settlement |
| 11:03 | Create | Villager (Male) |
| 11:21 | Age | Feudal Age |
| 11:22 | Research | Double-Bit Axe |
| 11:22 | Research | Double-Bit Axe |
| 11:23 | Build | Archery Range |
| 11:26 | Build | Archery Range |
| 11:27 | Create | Villager (Male) |
| 11:35 | Research | Tech 1402 |
| 11:39 | Create | Villager (Male) |
| 11:43 | Build | Blacksmith |
| 11:46 | Create | Villager (Male) |
| 11:56 | Build | Watch Tower |
| 11:59 | Create | Villager (Male) |
| 12:22 | Create | Villager (Male) |
| 12:23 | Build | Farm |
| 12:27 | Research | Town Watch |
| 12:29 | Create | Villager (Male) |
| 12:31 | Create | Skirmisher |
| 12:32 | Create | Skirmisher |
| 12:58 | Build | Farm |
| 13:10 | Create | Villager (Male) |
| 13:12 | Build | Farm |
| 13:22 | Create | Skirmisher |
| 13:33 | Create | Archer |
| 13:37 | Build | Farm |
| 13:39 | Create | Villager (Male) |
| 13:58 | Create | Villager (Male) |
| 14:01 | Build | House |
| 14:19 | Build | Market |
| 14:30 | Create | Villager (Male) |
| 14:31 | Build | Farm |
| 14:35 | Create | Archer |
| 14:36 | Create | Villager (Male) |
| 14:46 | Build | Palisade Wall |
| 14:55 | Build | Watch Tower |
| 15:07 | Create | Villager (Male) |
| 15:09 | Build | Farm |
| 15:50 | Create | Villager (Male) |
| 15:53 | Build | Farm |
| 15:54 | Build | Farm |
| 15:54 | Build | Farm |
| 15:54 | Build | Farm |
| 15:54 | Build | Farm |
| 16:13 | Create | Skirmisher |
| 16:23 | Create | Villager (Male) |
| 16:25 | Build | Farm |
| 16:45 | Build | Farm |
| 16:50 | Create | Villager (Male) |
| 16:52 | Build | Farm |
| 17:02 | Create | Skirmisher |
| 17:03 | Create | Villager (Male) |
| 17:11 | Build | Farm |
| 17:17 | Create | Villager (Male) |
| 17:19 | Build | Farm |
| 17:53 | Build | House |
| 18:09 | Research | Castle Age |
| 18:17 | Build | Archery Range |
| 18:21 | Create | Skirmisher |
| 18:31 | Build | House |
| 18:42 | Create | Skirmisher |
| 18:49 | Research | Fletching |
| 18:49 | Research | Fletching |
| 19:07 | Build | House |
| 19:11 | Create | Archer |
| 19:23 | Build | Outpost |
| 19:34 | Create | Villager (Male) |
| 19:49 | Build | House |
| 19:52 | Create | Skirmisher |
| 19:59 | Build | House |
| 20:05 | Create | Archer |
| 20:11 | Create | Archer |
| 20:27 | Build | Farm |
| 20:28 | Build | Farm |
| 20:30 | Create | Archer |
| 20:30 | Create | Archer |
| 20:49 | Age | Castle Age |
| 20:52 | Build | House |
| 20:53 | Research | Bodkin Arrow |
| 20:53 | Research | Bodkin Arrow |
| 20:58 | Research | Crossbowman (upgrade) |
| 20:58 | Research | Crossbowman (upgrade) |
| 20:59 | Create | Villager (Male) |
| 21:07 | Build | Town Center |
| 21:23 | Create | Villager (Male) |
| 21:26 | Build | Palisade Gate |
| 21:27 | Build | Palisade Wall |
| 21:30 | Create | Villager (Male) |
| 21:35 | Create | Villager (Male) |
| 21:41 | Research | Bow Saw |
| 21:57 | Research | Padded Archer Armor |
| 22:00 | Create | Villager (Male) |
| 22:07 | Create | Villager (Male) |
| 22:10 | Build | Farm |
| 22:11 | Create | Villager (Male) |
| 22:22 | Build | Farm |
| 22:24 | Create | Villager (Male) |
| 22:33 | Create | Villager (Male) |
| 22:35 | Build | Farm |
| 22:43 | Research | Horse Collar |
| 22:43 | Research | Horse Collar |
| 22:50 | Build | House |
| 22:52 | Build | House |
| 23:02 | Create | Villager (Male) |
| 23:09 | Create | Villager (Male) |
| 23:12 | Build | University |
| 23:18 | Create | Archer |
| 23:20 | Create | Archer |
| 23:22 | Create | Villager (Male) |
| 23:29 | Create | Villager (Male) |
| 23:51 | Create | Villager (Male) |
| 23:54 | Build | Farm |
| 23:55 | Build | Farm |
| 23:58 | Research | Elite Skirmisher (upgrade) |
Build order — 我本善良
First 150 of 442 actions detected
| 0:00 | Create | Villager (Male) |
| 0:01 | Build | House |
| 0:04 | Build | House |
| 0:14 | Create | Villager (Male) |
| 0:15 | Create | Villager (Male) |
| 0:25 | Create | Villager (Male) |
| 0:25 | Create | Villager (Male) |
| 1:24 | Create | Villager (Male) |
| 1:25 | Create | Villager (Male) |
| 1:42 | Build | House |
| 2:09 | Create | Villager (Male) |
| 2:10 | Create | Villager (Male) |
| 2:36 | Create | Villager (Male) |
| 3:02 | Create | Villager (Male) |
| 3:09 | Build | Lumber Camp |
| 3:27 | Create | Villager (Male) |
| 3:27 | Create | Villager (Male) |
| 3:27 | Create | Villager (Male) |
| 3:53 | Create | Villager (Male) |
| 4:17 | Create | Villager (Male) |
| 4:30 | Create | Villager (Male) |
| 4:30 | Create | Villager (Male) |
| 4:52 | Create | Villager (Male) |
| 5:30 | Create | Villager (Male) |
| 5:37 | Build | House |
| 5:53 | Create | Villager (Male) |
| 6:15 | Create | Villager (Male) |
| 6:19 | Research | Loom |
| 6:20 | Research | Loom |
| 6:22 | Build | Palisade Wall |
| 6:23 | Build | Palisade Wall |
| 6:24 | Build | Palisade Wall |
| 6:26 | Build | Palisade Wall |
| 6:45 | Create | Villager (Male) |
| 7:10 | Build | Barracks |
| 7:11 | Create | Villager (Male) |
| 7:35 | Create | Villager (Male) |
| 8:05 | Build | Mill |
| 8:18 | Research | Feudal Age |
| 8:19 | Research | Feudal Age |
| 8:52 | Build | Mining Camp |
| 9:03 | Build | House |
| 9:14 | Create | Villager (Male) |
| 9:33 | Build | Farm |
| 9:33 | Build | Farm |
| 10:08 | Build | House |
| 10:28 | Age | Feudal Age |
| 10:32 | Build | Archery Range |
| 10:35 | Research | Double-Bit Axe |
| 10:35 | Research | Horse Collar |
| 10:38 | Create | Villager (Male) |
| 11:01 | Build | Mill |
| 11:02 | Create | Villager (Male) |
| 11:07 | Build | House |
| 11:13 | Create | Archer |
| 11:18 | Build | Palisade Wall |
| 11:20 | Create | Villager (Male) |
| 11:29 | Build | Palisade Wall |
| 11:34 | Build | Farm |
| 11:39 | Create | Archer |
| 11:59 | Build | Farm |
| 12:02 | Create | Villager (Male) |
| 12:12 | Build | Palisade Wall |
| 12:14 | Build | Palisade Wall |
| 12:15 | Build | Palisade Wall |
| 12:16 | Build | Palisade Wall |
| 12:16 | Build | Palisade Wall |
| 12:18 | Build | Palisade Wall |
| 12:21 | Create | Archer |
| 12:33 | Create | Villager (Male) |
| 12:45 | Create | Archer |
| 12:45 | Create | Villager (Male) |
| 12:47 | Build | Farm |
| 13:16 | Build | Blacksmith |
| 13:17 | Create | Villager (Male) |
| 13:38 | Create | Archer |
| 13:40 | Create | Villager (Male) |
| 13:53 | Build | House |
| 13:57 | Build | Farm |
| 14:04 | Build | Farm |
| 14:13 | Create | Villager (Male) |
| 14:17 | Build | Farm |
| 14:20 | Build | House |
| 14:25 | Create | Archer |
| 14:38 | Create | Villager (Male) |
| 14:44 | Build | Farm |
| 14:58 | Build | House |
| 15:00 | Create | Villager (Male) |
| 15:01 | Research | Fletching |
| 15:01 | Research | Fletching |
| 15:12 | Build | Farm |
| 15:18 | Build | Farm |
| 15:45 | Create | Villager (Male) |
| 15:46 | Create | Archer |
| 15:53 | Build | House |
| 15:56 | Build | Farm |
| 16:11 | Create | Villager (Male) |
| 16:17 | Build | Palisade Wall |
| 16:22 | Create | Archer |
| 16:28 | Build | Palisade Wall |
| 16:32 | Build | House |
| 16:32 | Build | House |
| 16:36 | Create | Villager (Male) |
| 16:59 | Build | Stable |
| 17:00 | Create | Villager (Male) |
| 17:11 | Build | Stable |
| 17:13 | Build | Palisade Wall |
| 17:18 | Create | Villager (Male) |
| 17:33 | Build | House |
| 17:33 | Build | House |
| 17:57 | Research | Castle Age |
| 17:57 | Research | Castle Age |
| 18:13 | Create | Scout Cavalry |
| 18:13 | Create | Scout Cavalry |
| 18:31 | Build | Lumber Camp |
| 18:44 | Create | Scout Cavalry |
| 18:47 | Research | Gold Mining |
| 18:48 | Research | Gold Mining |
| 18:57 | Build | Archery Range |
| 19:04 | Research | Padded Archer Armor |
| 19:04 | Research | Padded Archer Armor |
| 19:04 | Research | Padded Archer Armor |
| 19:22 | Create | Villager (Male) |
| 20:25 | Create | Villager (Male) |
| 20:37 | Age | Castle Age |
| 20:39 | Build | Town Center |
| 20:40 | Research | Bow Saw |
| 20:40 | Research | Bow Saw |
| 20:43 | Research | Bodkin Arrow |
| 21:09 | Build | Town Center |
| 21:13 | Build | Town Center |
| 21:19 | Create | Villager (Male) |
| 21:22 | Create | Villager (Male) |
| 21:34 | Build | House |
| 21:40 | Create | Villager (Male) |
| 21:41 | Create | Cavalry Archer |
| 21:42 | Create | Cavalry Archer |
| 22:00 | Create | Villager (Male) |
| 22:02 | Build | Farm |
| 22:03 | Build | Farm |
| 22:05 | Build | Farm |
| 22:09 | Build | Farm |
| 22:14 | Create | Villager (Male) |
| 22:15 | Create | Villager (Male) |
| 22:19 | Research | Town Watch |
| 22:19 | Research | Town Watch |
| 22:22 | Create | Cavalry Archer |
| 22:22 | Create | Cavalry Archer |
| 22:34 | Create | Villager (Male) |
| 22:34 | Create | Villager (Male) |
Match timeline
| 0:07 | Lina · first_building Barracks |
| 6:22 | 我本善良 · wall_segment Palisade Wall x1 |
| 6:23 | 我本善良 · wall_segment Palisade Wall x1 |
| 6:24 | 我本善良 · wall_segment Palisade Wall x1 |
| 6:26 | 我本善良 · wall_segment Palisade Wall x1 |
| 7:10 | 我本善良 · first_building Barracks |
| 10:28 | 我本善良 · age_up feudal |
| 10:32 | 我本善良 · first_building Archery Range |
| 11:18 | 我本善良 · wall_segment Palisade Wall x11 |
| 11:21 | Lina · age_up feudal |
| 11:23 | Lina · first_building Archery Range |
| 11:29 | 我本善良 · wall_segment Palisade Wall x17 |
| 12:12 | 我本善良 · wall_segment Palisade Wall x1 |
| 12:14 | 我本善良 · wall_segment Palisade Wall x1 |
| 12:15 | 我本善良 · wall_segment Palisade Wall x1 |
| 12:16 | 我本善良 · wall_segment Palisade Wall x1 |
| 12:16 | 我本善良 · wall_segment Palisade Wall x1 |
| 12:18 | 我本善良 · wall_segment Palisade Wall x1 |
| 14:46 | Lina · wall_segment Palisade Wall x5 |
| 16:08 | Lina · first_market_buy 100 food |
| 16:17 | 我本善良 · wall_segment Palisade Wall x1 |
| 16:28 | 我本善良 · wall_segment Palisade Wall x1 |
| 16:49 | Lina · first_market_sell 100 wood |
| 16:59 | 我本善良 · first_building Stable |
| 17:13 | 我本善良 · wall_segment Palisade Wall x3 |
| 20:37 | 我本善良 · age_up castle |
| 20:49 | Lina · age_up castle |
| 21:27 | Lina · wall_segment Palisade Wall x1 |
| 23:16 | 我本善良 · first_building Siege Workshop |
| 24:57 | 我本善良 · first_building Monastery |
| 27:00 | Lina · first_building Siege Workshop |
| 27:21 | Lina · first_building Monastery |
| 27:56 | 我本善良 · first_market_buy 100 food |
| 30:32 | 我本善良 · first_market_sell 100 wood |
| 30:35 | 我本善良 · first_building Castle |
| 34:40 | 我本善良 · age_up imperial |
| 35:05 | Lina · age_up imperial |
| 35:34 | Lina · wall_segment Stone Wall x1 |
| 35:36 | Lina · wall_segment Stone Wall x1 |
| 36:50 | 我本善良 · wall_segment Stone Wall x4 |
| 38:07 | Lina · resign |
[ AI ANALYSIS · 1 CREDIT ]
What really happened in this match?
Wolo.gg analyzes every decision: build order, eco, micro, common mistakes by bracket. Personalized analysis on WhatsApp or Discord in 30 seconds.
Civ guide
Tupi
Perfil
Jugador #299269